 Dungeon Crawl Stone Soup version 0.23.2-40-g277498a001 (webtiles) character file.

Game seed: 7293011386260429656

9825 Fistmachine the Geomancer (level 11, -14/72 HPs)
             Began as a Gargoyle Earth Elementalist on Oct 17, 2019.
             Was a High Priest of Sif Muna.
             Demolished by a large abomination (21 damage)
             ... in a Gauntlet.
             The game lasted 00:58:51 (12210 turns).

Fistmachine the Geomancer (GrEE)                   Turns: 12210, Time: 00:58:52

Health: -14/72     AC: 15    Str: 13    XL:     11   Next: 52%
Magic:  18/23      EV: 12    Int: 18    God:    Sif Muna [*****.]
Gold:   600        SH:  3    Dex: 10    Spells: 9/26 levels left

rFire    + . .     SeeInvis .   h - +3 scythe (venom)
rCold    + . .     Gourm    .   (shield currently unavailable)
rNeg     + + .     Faith    .   k - +2 robe {rC+ rF+}
rPois    ∞         Spirit   .   K - +0 helmet
rElec    +         Reflect  +   q - +0 cloak
rCorr    .         Harm     .   i - +0 pair of gloves
MR       .....     NoTele   +   (no boots)
Stlth    ++........             v - +3 amulet of reflection
HPRegen  0.22/turn              f - +3 ring of slaying
MPRegen  0.18/turn              g - ring of positive energy

@: no status effects
A: negative energy resistance 1, electricity resistance, unbreathing,
petrification resistance, rot immunity, AC +8
a: Divine Energy, Channel Magic, Forget Spell, Renounce Religion


You were in a Gauntlet.
You worshipped Sif Muna.
Sif Muna was extremely pleased with you.
You were not hungry.

You visited 2 branches of the dungeon, and saw 12 of its levels.
You also visited: Sewer and Gauntlet.

You collected 600 gold pieces.

Inventory:

Hand Weapons
 h - a +3 scythe of venom (weapon)
 u - the cursed +0 flail "Kuzxir" {vamp, rF+ rC- MR+ Int+4, unknown}
   (You found it on level 8 of the Dungeon)

   It inflicts no extra harm, but heals its wielder when it wounds a living foe.
   It affects your intelligence (+4).
   It protects you from fire.
   It makes you vulnerable to cold.
   It affects your resistance to hostile enchantments.
   It has a curse placed upon it.
Missiles
 b - 252 stones (quivered)
Armour
 i - a +0 pair of gloves (worn)
 k - a +2 robe of resistance (worn)
 o - a +0 robe of magic resistance
 q - a +0 cloak (worn)
 G - a +2 centaur barding of stealth
 K - a +0 helmet (worn)
 L - a +2 helmet of see invisible
 M - the +2 ring mail of the Thoughtful Yaks {rElec Str+3 Dex-2, unknown}
   (You found it in a Gauntlet)

   It affects your strength (+3).
   It affects your dexterity (-2).
   It insulates you from electricity.
Jewellery
 e - an uncursed ring of see invisible {unknown}
 f - a +3 ring of slaying (left hand)
 g - a ring of positive energy (right hand)
 p - an uncursed amulet of magic regeneration
 v - a +3 amulet of reflection (around neck)
 C - an uncursed ring of ice
 E - an uncursed ring of fire
Wands
 m - a wand of iceblast (7)
 J - a wand of polymorph (8)
Scrolls
 a - a scroll of enchant armour
 c - a scroll of enchant weapon
 l - 3 scrolls of teleportation
 t - a scroll of brand weapon {unknown}
 w - a scroll of identify
 x - 3 scrolls of amnesia
 y - 3 scrolls of remove curse
 H - a scroll of blinking
Potions
 j - 3 potions of might
 n - 4 potions of heal wounds
 r - a potion of lignification
 s - 2 potions of brilliance
 z - a potion of ambrosia
 A - a potion of cancellation
 B - 2 potions of resistance {unknown}
 D - 3 potions of agility
 F - a potion of curing {unknown}
 I - 2 potions of magic {unknown}
Comestibles
 d - 3 rations


   Skills:
 + Level 9.7 Fighting
 - Level 1.5 Dodging
 - Level 2.1 Stealth
 + Level 8.4 Spellcasting
 * Level 1.4 Conjurations
   Level 0.7 Transmutations
 + Level 14.6 Earth Magic


You had 9 spell levels left.
You knew the following spells:

 Your Spells              Type           Power        Failure   Level  Hunger
a - Sandblast             Erth           ######       1%          1    None
b - Stone Arrow           Conj/Erth      #####.       1%          3    None
c - Lee's Rapid Deconstr  Erth           ######....   1%          5    #####..
d - Lehudib's Crystal Sp  Conj/Erth      #####.....   100%        8    #######

Your spell library contained the following spells:

 Spells                   Type           Power        Failure   Level  Hunger
 Passwall                 Tmut/Erth      #####...     1%          2    None
 Leda's Liquefaction      Hex/Erth       ####......   4%          4    ###....
 Petrify                  Tmut/Erth      #####...     4%          4    ###....
 Corona                   Hex            #......      10%         1    None
 Slow                     Hex            #.......     14%         2    None
 Static Discharge         Conj/Air       ##......     21%         3    None
 Inner Flame              Hex/Fire       #.......     28%         3    None
 Portal Projectile        Hex/Tloc       #.....       28%         3    None
 Iskenderun's Mystic Bla  Conj           ##......     45%         4    ###....
 Iron Shot                Conj/Erth      #####.....   47%         6    ######.
 Cause Fear               Hex            #.........   67%         4    ###....
 Glaciate                 Conj/Ice       ##........   100%        9    #######


Dungeon Overview and Level Annotations

Branches:
Dungeon (10/15)            Temple (0/1) D:5            Lair (2/6) D:9
  Swamp: Lair:2-4    Shoals: Lair:2-4     Snake: Lair:2-4    Spider: Lair:2-4
    Orc: D:9-12

Altars:
Elyvilon
Makhleb
Nemelex Xobeh
Ru
Sif Muna
Trog
Yredelemnul

Shops:
D:4 =

Annotations:
Gauntlet 6 transporters


Innate Abilities, Weirdness & Mutations

You are resistant to torment.
Your stone body is resilient. (AC +8)
You are immune to poison.
You resist negative energy. (rN+)
You are resistant to electric shocks. (rElec)
You can survive without breathing.
You are immune to petrification.
You are immune to rotting.


Message History

Casting: Stone Arrow (safe; 1% risk of failure)
Confirm with . or Enter, or press ? or * to list all spells.
Aiming: Stone Arrow (safe; 1% risk of failure)
Press: ? - help, Shift-Dir - straight line, p - large abomination
Okay, then.
Casting: Stone Arrow (safe; 1% risk of failure)
Confirm with . or Enter, or press ? or * to list all spells.
Aiming: Lee's Rapid Deconstruction (safe; 1% risk of failure)
Press: ? - help, Dir - move target cursor, p - large abomination A rock wall.
The wall shatters!
The blast of rock fragments hits the large abomination but does no damage.
The blast of rock fragments hits the large abomination.
The large abomination is moderately damaged.
The large abomination hits you!!
* * * LOW HITPOINT WARNING * * *
The small abomination hits you.
* * * LOW HITPOINT WARNING * * *
The large abomination hits you!!
You die...

###..###########...####
#8#..#...#.#...#...#...
###..#..#...#..#...#...
#..#.##...##.#...#.P#
###..##..#.#..##...#..P
#8#..#.x..©x...#...#...
###..##x.#.#..##...#.P.
#..#x#######.#...#.P#
###..#@X#...#..#...#...
#8#..#.X..x....#...#..?
###..###########...####
#.....#.©.#....≈....#
###...8.#...#...≈8≈...#
#8#.....#.©.#....≈....#
###..###########§..####
#..#§.§.§y...#...#..#
###..#.#^#.#.#.#...#x..


You could see 2 large abominations, 4 small abominations and a meliai.

Vanquished Creatures
  Erica (D:8)
  A black mamba (Lair:1)
  A komodo dragon (Lair:1)
  An ice devil (Gauntlet)
  A hornet (D:8)
  Sigmund (D:2)
  15 yaks
  A basilisk (Lair:1)
  Menkaure (D:6)
  Duvessa (D:6)
  An orc warrior (D:6)
  A porcupine (Lair:1)
  4 water moccasins
  An ice beast (D:8)
  A sky beast (D:9)
  An eye of draining (D:9)
  A phantom (D:7)
  A necrophage (D:6)
  7 ogres
  3 centaurs
  4 crocodiles
  3 big kobolds
  Blork the orc (D:4)
  3 bullfrogs
  A wyvern skeleton (D:4)
  Dowan (D:6)
  9 killer bees (D:8)
  8 scorpions
  A howler monkey (D:4)
  5 crimson imps
  A centaur zombie (D:10)
  A quasit (D:9)
  A jelly (D:9)
  5 hounds
  8 orc wizards
  3 orc priests
  2 bullfrog skeletons
  3 iron imps (D:6)
  2 centaur skeletons
  3 iguanas
  12 worker ants
  A hound zombie (D:8)
  A hound skeleton (D:4)
  8 gnolls
  15 adders
  7 river rats
  3 white imps (Gauntlet)
  2 oozes
  2 adder zombies
  5 worms
  2 dart slugs (D:1)
  8 leopard geckos
  32 orcs
  6 ball pythons
  22 giant cockroaches
  5 goblins
  3 hobgoblins
  9 jackals
  4 quokkas
  A ball python skeleton (D:4)
  10 bats
  13 frilled lizards
  A jackal skeleton (D:5)
  20 kobolds
  A leopard gecko skeleton (D:4)
  4 quokka skeletons
  12 rats
319 creatures vanquished.

Vanquished Creatures (others)
  A centaur (D:9)
  2 plants (Gauntlet)
3 creatures vanquished.

Grand Total: 322 creatures vanquished

Notes
Turn   | Place    | Note
-------+----------+-------------------------------------------
     0 | D:1      | Fistmachine the Gargoyle Earth Elementalist began the quest
                  | for the Orb.
     0 | D:1      | Reached XP level 1. HP: 10/10 MP: 3/3
   409 | D:1      | Reached skill level 4 in Earth Magic
   409 | D:1      | Reached XP level 2. HP: 14/16 MP: 3/5
   618 | D:1      | Reached skill level 1 in Fighting
   692 | D:1      | Reached XP level 3. HP: 13/20 MP: 2/6
  1167 | D:2      | Reached XP level 4. HP: 26/26 MP: 0/7
  1200 | D:2      | Reached skill level 5 in Earth Magic
  1246 | D:2      | Noticed Sigmund
  1262 | D:2      | Killed Sigmund
  1262 | D:2      | Reached skill level 6 in Earth Magic
  1262 | D:2      | Reached XP level 5. HP: 32/32 MP: 3/9
  1262 | D:2      | Reached XP level 6. HP: 36/36 MP: 3/10
  2755 | D:4      | Learned a level 3 spell: Stone Arrow
  2803 | D:4      | Reached skill level 7 in Earth Magic
  2803 | D:4      | Reached XP level 7. HP: 20/41 MP: 12/12
  3060 | D:4      | Found Lucvad's Jewellery Emporium.
  3330 | D:4      | Found a bloodstained altar of Trog.
  3330 | D:4      | Found a faded altar of an unknown god.
  3335 | D:4      | Found a faded altar of an unknown god.
  3342 | D:4      | Found a deep blue altar of Sif Muna.
  3344 | D:4      | Found a sparkling altar of Nemelex Xobeh.
  3437 | D:4      | Became a worshipper of Sif Muna the Loreminder
  3670 | D:5      | Entered Level 5 of the Dungeon
  3672 | D:5      | Noticed Blork the orc
  3685 | D:4      | Killed Blork the orc
  3685 | D:4      | Reached skill level 8 in Earth Magic
  3985 | D:5      | Found a staircase to the Ecumenical Temple.
  4010 | D:5      | Reached XP level 8. HP: 26/48 MP: 9/14
  4807 | D:6      | Reached skill level 5 in Fighting
  4809 | D:6      | Reached skill level 9 in Earth Magic
  4813 | D:6      | Reached * piety under Sif Muna
  4973 | D:6      | Reached skill level 5 in Spellcasting
  5054 | D:6      | Found a glowing drain.
  5061 | Sewer    | Entered a sewer
  5614 | D:6      | Found a white marble altar of Elyvilon.
  5746 | D:6      | Noticed Menkaure
  5746 | D:6      | Noticed Dowan
  5761 | D:6      | Killed Menkaure
  5776 | D:6      | Reached skill level 10 in Earth Magic
  5781 | D:6      | Noticed Duvessa
  5784 | D:6      | Killed Dowan
  5784 | D:6      | Reached XP level 9. HP: 50/55 MP: 4/17
  5789 | D:6      | Killed Duvessa
  5789 | D:6      | Reached ** piety under Sif Muna
  6127 | D:6      | Found a burning altar of Makhleb.
  6285 | D:6      | Found a basalt altar of Yredelemnul.
  6895 | D:6      | Reached skill level 11 in Earth Magic
  6904 | D:6      | Learned a level 5 spell: Lee's Rapid Deconstruction
  7262 | D:7      | Reached *** piety under Sif Muna
  7822 | D:8      | Reached XP level 10. HP: 63/63 MP: 13/19
  7849 | D:8      | Reached skill level 12 in Earth Magic
  7958 | D:8      | Noticed Erica
  8014 | D:8      | Killed Erica
  8021 | D:8      | Reached **** piety under Sif Muna
  8459 | D:8      | Found a sacrificial altar of Ru.
  8570 | D:8      | Got a dazzling flail
  8712 | D:9      | Reached skill level 13 in Earth Magic
  9339 | D:9      | Found a staircase to the Lair.
  9345 | Lair:1   | Entered Level 1 of the Lair of Beasts
  9797 | D:9      | Reached XP level 11. HP: 69/69 MP: 20/22
  9921 | D:10     | Entered Level 10 of the Dungeon
 10238 | D:10     | Reached skill level 14 in Earth Magic
 10406 | D:10     | Noticed a cyclops
 10807 | Lair:1   | Reached ***** piety under Sif Muna
 11398 | Lair:1   | Identified Sif Muna's Compendium of Combat Magic (Sif Muna
                  | gifted it to you on level 1 of the Lair of Beasts)
 11398 | Lair:1   | Received a gift from Sif Muna
 11443 | Lair:1   | Learned a level 8 spell: Lehudib's Crystal Spear
 11901 | Lair:2   | Found a gate leading to a gauntlet.
 11910 | Lair:2   | Reached skill level 1 in Conjurations
 11919 | Gauntlet | Entered a Gauntlet
 11919 | Gauntlet | Found a transporter.
 11919 | Gauntlet | Found a transporter.
 11938 | Gauntlet | Found a transporter.
 11942 | Gauntlet | Found a transporter.
 11956 | Gauntlet | Found a transporter.
 11957 | Gauntlet | Found a transporter.
 11966 | Gauntlet | Found a transporter.
 11996 | Gauntlet | Noticed a large abomination
 12017 | Gauntlet | Found a transporter.
 12017 | Gauntlet | Found a transporter.
 12194 | Gauntlet | Got a twisted ring mail
 12196 | Gauntlet | Noticed a catoblepas
 12210 | Gauntlet | Demolished by a large abomination

Skill      XL: |  1  2  3  4  5  6  7  8  9 10 11 |
---------------+----------------------------------+-----
Earth Magic    | 4 6 7 8 10 11 13 14 | 14.6
Fighting       | 1 2 3 4 5 7 8 9 |  9.7
Spellcasting   | 3 4 5 6 7 8 |  8.4
Conjurations   | 1 |  1.4
Dodging        | |  1.5
Stealth        | |  2.1
Transmutations | |  0.7

Action                   |  1- 3 |  4- 6 |  7- 9 | 10-12 || total
-------------------------+-------+-------+-------+-------++-------
Melee: Club              |    71 |     7 |       |       ||    78
       Scythe            |       |   102 |   124 |    38 ||   264
Throw: Stone             |       |     1 |     1 |       ||     2
 Cast: Sandblast         |    30 |    18 |   138 |   110 ||   296
       Stone Arrow       |       |     1 |    50 |    70 ||   121
       Lee's Rapid Decon |       |       |       |     1 ||     1
  Use: Potion            |       |     3 |       |     1 ||     4
       Scroll            |       |     2 |    13 |    11 ||    26
 Stab: Sleeping          |       |     7 |     2 |     2 ||    11
  Eat: Chunk             |     1 |     2 |     9 |     2 ||    14
       Ration            |       |     1 |     3 |     4 ||     8
Armor: Ring mail         |    44 |     7 |       |       ||    51
       Robe              |     3 |    50 |    97 |    47 ||   197
       Skin              |       |     1 |       |       ||     1
Dodge: Dodged            |    68 |   105 |   135 |    67 ||   375
Block: Other             |       |       |    20 |    19 ||    39
       Reflection        |       |       |     3 |     3 ||     6
